 Dungeon Crawl Stone Soup version 0.21.1-1-g345015fe64 (webtiles) character file.

344 PikkenKukken the Poker (level 6, 0/37 HPs)
             Began as a Tengu Fighter on June 25, 2018.
             Slain by a sky beast (5 damage)
             ... on level 5 of the Dungeon.
             The game lasted 00:14:08 (4466 turns).

PikkenKukken the Poker (Tengu Fighter)              Turns: 4466, Time: 00:14:08

Health: 0/37       AC:  6    Str: 17    XL:     6   Next: 58%
Magic:  7/7        EV:  8    Int:  8    God:
Gold:   234        SH: 10    Dex: 15    Spells: 5/5 levels left

rFire    . . .     SeeInvis .   a - +1 trident
rCold    + . .     Gourm    .   c - +1 shield
rNeg     . . .     Faith    .   j - +0 scale mail
rPois    .         Spirit   .   (helmet restricted)
rElec    .         Reflect  .   (no cloak)
rCorr    .         Harm     .   (no gloves)
MR       .....                  (boots unavailable)
Stlth    ..........             (no amulet)
HPRegen  0.12/turn              n - ring of protection from cold
MPRegen  0.10/turn              (no ring)

@: no status effects
A: beak, talons 3, able to fly 1
a: Fly


You were on level 5 of the Dungeon.
You were not hungry.

You visited 1 branch of the dungeon, and saw 5 of its levels.

You collected 234 gold pieces.

Inventory:

Hand Weapons
 a - a +1 trident (weapon)
 b - a +0 hunting sling
Missiles
 g - 95 stones (quivered)
 k - 71 sling bullets
Armour
 c - a +1 shield (worn)
 j - a +0 scale mail (worn)
Jewellery
 n - a ring of protection from cold (left hand)
Scrolls
 e - 3 scrolls of identify
 h - 2 scrolls of noise
 l - a scroll of remove curse
 p - a scroll of enchant weapon
 q - a scroll of fog
Potions
 d - a potion of might
 m - a potion of brilliance
 r - 2 potions of degeneration {unknown}
 s - a potion of mutation {unknown}
Comestibles
 f - 13 rations


   Skills:
 - Level 3.4 Fighting
 - Level 5.0 Polearms
 + Level 3.6 Slings
 - Level 3.2 Armour
 - Level 1.5 Dodging
 - Level 3.4 Shields


You had 5 spell levels left.
You didn't know any spells.

Dungeon Overview and Level Annotations

Branches:
Dungeon (5/15)
 Temple: D:4-7

Altars:
Okawaru

Annotations:
D:4 patthesweetcat's ghost, amateur HOFi


Innate Abilities, Weirdness & Mutations

You have a beak for a mouth.
You have claws for feet.
You can fly.


Message History

The sky beast flickers out of sight!
Deactivating autopickup; reactivate with Ctrl-A.
You closely miss the adder zombie. You claw the adder zombie.
The adder zombie is moderately damaged.
You block the adder zombie's attack.
You hit the adder zombie.
You destroy the adder zombie!
You closely miss something. You claw something! You block something's attack.
Your shield prevents you from hitting something.
Something hits you. Something shocks you.
You hit something. Something hits you but does no damage.
You miss something. You claw something. Your peck misses something.
Something hits you. Something shocks you.
* * * LOW HITPOINT WARNING * * *
You barely miss something. You claw something.
Something hits you but does no damage.
You closely miss something. Your kick misses something. Something hits you.
* * * LOW HITPOINT WARNING * * *
Something shocks you.
You die...

#>.........................
#....[..........#####.###.#
#..........((....†....# #.#
#........?......####### #.#
#...............# #.#
#..[............# #.#
#...........%...# #.#
##.#..####{###### #.#
....... #@# .. #.......Z
#.# ## #.........#..
#.........#### #
#.).......# ###### ...<..
########### ...........
.#########.


There were no monsters in sight!

Vanquished Creatures
  A crimson imp (D:5)
  A hound (D:4)
  An orc priest (D:4)
  An orc wizard (D:4)
  8 gnolls
  5 adders
  An ooze (D:5)
  An adder zombie (D:5)
  2 worms
  A dart slug (D:2)
  2 leopard geckos (D:1)
  5 orcs
  6 bats
  8 giant cockroaches
  10 goblins
  6 hobgoblins
  7 jackals
  8 kobolds
  A quokka (D:2)
  A ball python (D:3)
  2 frilled lizards
  A jackal skeleton (D:4)
  6 rats
85 creatures vanquished.

Notes
Turn   | Place    | Note
-------+----------+-------------------------------------------
     0 | D:1      | PikkenKukken the Tengu Fighter began the quest for the Orb.
     0 | D:1      | Reached XP level 1. HP: 14/14 MP: 2/2
   211 | D:1      | Reached XP level 2. HP: 19/19 MP: 3/3
   534 | D:1      | Reached skill level 1 in Dodging
   738 | D:2      | Reached XP level 3. HP: 23/23 MP: 4/4
  1076 | D:1      | Reached skill level 3 in Polearms
  1076 | D:1      | Reached XP level 4. HP: 6/28 MP: 5/5
  1354 | D:1      | Reached skill level 1 in Slings
  1969 | D:1      | Gained mutation: You can fly. [Tengu growth]
  1969 | D:1      | Reached XP level 5. HP: 32/32 MP: 6/6
  2106 | D:2      | Found an iron altar of Okawaru.
  2736 | D:3      | Reached skill level 4 in Polearms
  3583 | D:4      | Noticed patthesweetcat's ghost (amateur HOFi)
  3771 | D:4      | Reached XP level 6. HP: 6/37 MP: 7/7
  4245 | D:5      | Entered Level 5 of the Dungeon
  4389 | D:5      | Reached skill level 5 in Polearms
  4433 | D:5      | Noticed a sky beast
  4466 | D:5      | Slain by a sky beast

Skill      XL: |  1  2  3  4  5  6 |
---------------+-------------------+-----
Dodging        | 1 |  1.5
Polearms       | 3 4 5 |  5.0
Slings         | 1 3 |  3.6
Fighting       | |  3.4
Armour         | |  3.2
Shields        | |  3.4

Action                   |  1- 3 |  4- 6 || total
-------------------------+-------+-------++-------
Melee: Trident           |    74 |   133 ||   207
       Kick              |    17 |    29 ||    46
       Peck              |     9 |    18 ||    27
 Fire: Hunting sling     |       |    73 ||    73
  Use: Scroll            |     3 |    11 ||    14
       Potion            |       |     5 ||     5
  Eat: Chunk             |     1 |     7 ||     8
       Ration            |       |     1 ||     1
Armor: Scale mail        |    14 |    41 ||    55
Dodge: Dodged            |     7 |    27 ||    34
Block: Shield            |    30 |    73 ||   103
